 Dungeon Crawl Stone Soup version 0.26-a0-651-gb41185065b (webtiles) character file.

Game seed: 13190333281945307617

4119 toffzen the Covert (level 10, 0/63 HPs)
             Began as a Vampire Brigand on Oct 6, 2020.
             Was a Follower of Kikubaaqudgha.
             Slain by Erica
             ... wielding a +2 scimitar of flaming
              (5 damage)
             ... on level 8 of the Dungeon.
             The game lasted 00:28:37 (9333 turns).

toffzen the Covert (Vampire Brigand)                Turns: 9333, Time: 00:28:37

Health: 0/63       AC:  4    Str: 10    XL:     10   Next: 6%
Magic:  12/16      EV: 16    Int: 18    God:    Kikubaaqudgha [*.....]
Gold:   322        SH:  5    Dex: 15    Spells: 14/17 levels left

rFire    . . .     SeeInvis +   a - +3 dagger (drain)
rCold    + + .     Faith    .   q - +0 buckler
rNeg     + + +     Spirit   .   b - +0 robe
rPois    ∞         Reflect  .   (no helmet)
rElec    .         Harm     .   c - +0 cloak
rCorr    .         Rampage  .   y - +0 pair of gloves
MR       +....                  (no boots)
Stlth    +++++++...             p - amulet of the acrobat
HPRegen  0.00/turn              f - +4 ring of slaying
MPRegen  0.15/turn              C - ring of see invisible

@: confusing touch, bloodless
A: fangs 3, see invisible, unbreathing
a: Bat Form, Revivify, Receive Corpses, Renounce Religion


You were on level 8 of the Dungeon.
You worshipped Kikubaaqudgha.
Kikubaaqudgha was aware of your devotion.
You visited 1 branch of the dungeon, and saw 8 of its levels.

You collected 322 gold pieces.

Inventory:

Hand Weapons
 a - a +3 dagger of draining (weapon)
 A - a +2 war axe of pain
Missiles
 d - 76 poisoned darts (quivered)
 e - 2 curare-tipped darts
 g - 223 stones
Armour
 b - a +0 robe (worn)
 c - a +0 cloak (worn)
 m - a +1 robe of magic resistance
 q - a +0 buckler (worn)
 y - a +0 pair of gloves (worn)
 z - a cursed +0 robe
Jewellery
 f - a +4 ring of slaying (left hand)
 h - an uncursed amulet of guardian spirit {unknown}
 p - an amulet of the acrobat (around neck)
 u - an uncursed amulet of regeneration
 C - a ring of see invisible (right hand)
Wands
 s - a wand of random effects (19)
 w - a wand of flame (18)
 x - a wand of polymorph (10)
 B - a wand of iceblast (4)
Scrolls
 i - 2 scrolls of enchant armour
 k - 4 scrolls of teleportation
 r - 4 scrolls of remove curse
 v - a scroll of immolation
Potions
 j - 3 potions of magic
 l - a potion of lignification
 n - a potion of invisibility
 o - 5 potions of curing
 t - 2 potions of stabbing
 D - a potion of haste
 E - a potion of cancellation {unknown}


   Skills:
 + Level 7.1 Fighting
 - Level 2.1 Short Blades
 - Level 1.5 Throwing
 + Level 6.2 Dodging
 + Level 11.6 Stealth
 - Level 4.0 Shields
 - Level 4.0 Spellcasting
 - Level 7.0 Hexes
 + Level 3.4 Necromancy


You had 14 spell levels left.
You knew the following spells:

 Your Spells              Type           Power        Failure   Level
a - Confusing Touch       Hex            ####....     2%          3

Your spell library contained the following spells:

 Spells                   Type           Power        Failure   Level
 Pain                     Necr           ###.         3%          1
 Sublimation of Blood     Necr           ###.......   5%          2
 Corpse Rot               Necr/Air       N/A          11%         2
 Vampiric Draining        Necr           ###.......   11%         3
 Gell's Gravitas          Tloc           #.........   41%         3
 Metabolic Englaciation   Hex/Ice        ###.......   67%         5
 Yara's Violent Unravell  Hex/Tmut       ###.......   67%         5
 Petrify                  Tmut/Erth      #.......     82%         4


Dungeon Overview and Level Annotations

Branches:
Dungeon (8/15)             Temple (0/1) D:6
   Lair: D:8-11

Altars:
Cheibriados
Elyvilon
Gozag
Kikubaaqudgha
Nemelex Xobeh
Qazlal
Sif Muna
Uskayaw
The Shining One

Shops:
D:6 }

Portals:
Abyss: D:6

Annotations:
D:3 1 runed translucent door, exclusion: ice beast, Crazy Yiuf
D:4 Grinder, Menkaure
D:6 2 transporters, imnewhereh's ghost, amateur DDFi
D:8 Erica


Innate Abilities, Weirdness & Mutations

You do not regenerate when monsters are visible.
You are frail without blood (-20% HP).
You can heal yourself when you bite living creatures.
You are immune to poison.
You have razor-sharp teeth.
You have supernaturally acute eyesight. (SInv)
You can survive without breathing.


Message History

You hit Erica but do no damage. Erica closely misses you.
You hit Erica but do no damage. You bite Erica, but do no damage.
Erica closely misses you.
You hit Erica but do no damage.
Your hands stop glowing.
Casting: Confusing Touch (dangerous; 2% risk of failure)
Confirm with . or Enter, or press ? or * to list all spells.
Your hands begin to glow red.
Erica hits you with a +2 scimitar of flaming!!
Erica burns you!
You hit Erica but do no damage. Erica gestures at you while chanting.
The bolt of poison hits you but does no damage.
You resist.
You closely miss Erica.
Erica hits you with a +2 scimitar of flaming!!
* * * LOW HITPOINT WARNING * * *
Erica burns you.
You die...
Kikubaaqudgha rasps: "You have failed me!
Welcome... oblivion!"

###.#
......
#...#
....z.
#.### #..#
#...# .@#
###)#
###..# #.#
#c(.>#
#.###z####
#...#@#
###.#@#
#.###.#.#
#.......#
#.......###
#########


You could see Erica (strong, invisible), a centaur and a wight.

Vanquished Creatures
  2 two-headed ogres (D:8)
  Pikel (D:5)
  Maggie (D:6)
  6 ice beasts
  5 ogres
  A centaur (D:7)
  A lemure (D:5)
  A big kobold (D:7)
  2 bullfrogs
  5 wights
  A howler monkey (D:6)
  A bullfrog zombie (D:8)
  3 orc priests
  A centaur skeleton (D:7)
  An orc wizard (D:6)
  An iguana (D:4)
  4 worker ants
  A worker ant zombie (D:5)
  12 gnolls
  2 howler monkey skeletons
  8 adders
  A shadow imp (D:7)
  A white imp (D:5)
  3 adder skeletons (D:5)
  3 worms
  4 dart slugs (D:1)
  3 leopard geckos
  17 orcs
  5 giant cockroaches
  5 goblins
  9 hobgoblins
  8 jackals
  A quokka (D:3)
  2 ball pythons (D:1)
  A ball python skeleton (D:4)
  A ball python zombie (D:6)
  7 bats
  3 frilled lizards
  10 kobolds
  A leopard gecko skeleton (D:7)
  9 rats
154 creatures vanquished.

Notes
Turn   | Place    | Note
-------+----------+-------------------------------------------
     0 | D:1      | toffzen the Vampire Brigand began the quest for the Orb.
     0 | D:1      | Reached XP level 1. HP: 16/16 MP: 1/1
    71 | D:1      | Reached skill level 6 in Stealth
   167 | D:1      | Reached XP level 2. HP: 17/17 MP: 2/2
   650 | D:1      | Reached XP level 3. HP: 17/22 MP: 3/3
   887 | D:2      | Reached skill level 7 in Stealth
  1619 | D:3      | Reached XP level 4. HP: 5/28 MP: 4/4
  2224 | D:3      | Noticed an ice beast
  2874 | D:3      | Found a runed translucent door.
  2875 | D:3      | Noticed Crazy Yiuf
  2983 | D:2      | Reached skill level 1 in Shields
  3151 | D:3      | Reached XP level 5. HP: 32/32 MP: 5/5
  3239 | D:4      | Noticed Grinder
  3305 | D:4      | Noticed an ogre
  3312 | D:4      | Killed an ogre
  3312 | D:4      | Reached skill level 8 in Stealth
  3489 | D:4      | Reached XP level 6. HP: 37/37 MP: 6/6
  4297 | D:4      | Noticed Menkaure
  4778 | D:4      | Found a hide-covered altar of Uskayaw.
  5013 | D:5      | Entered Level 5 of the Dungeon
  5048 | D:5      | Noticed an ice beast
  5054 | D:5      | Killed an ice beast
  5127 | D:5      | Noticed Pikel
  5417 | D:5      | Noticed an ice beast
  5442 | D:5      | Killed an ice beast
  5442 | D:5      | Reached XP level 7. HP: 43/43 MP: 7/7
  5457 | D:5      | Learned a level 3 spell: Confusing Touch
  5485 | D:5      | Reached skill level 1 in Hexes
  5772 | D:5      | Found a shimmering blue altar of Sif Muna.
  5951 | D:5      | Killed Pikel
  5951 | D:5      | Reached skill level 5 in Hexes
  5951 | D:5      | Reached skill level 9 in Stealth
  5951 | D:5      | Reached XP level 8. HP: 31/48 MP: 8/8
  6076 | D:5      | Found an ancient bone altar of Kikubaaqudgha.
  6076 | D:5      | Found a stormy altar of Qazlal.
  6078 | D:5      | Found a white marble altar of Elyvilon.
  6096 | D:5      | Became a worshipper of Kikubaaqudgha
  6129 | D:6      | Found Lastueleib's Gadget Boutique.
  6221 | D:6      | Found a transporter.
  6275 | D:6      | Noticed imnewhereh's ghost (amateur DDFi)
  6278 | D:6      | Found a transporter.
  6338 | D:6      | Found a staircase to the Ecumenical Temple.
  6640 | D:6      | Noticed Maggie
  6818 | D:6      | Reached skill level 5 in Fighting
  6818 | D:6      | Reached skill level 5 in Dodging
  6818 | D:6      | Reached skill level 10 in Stealth
  6920 | D:6      | Reached skill level 1 in Spellcasting
  7195 | D:6      | Killed Maggie
  7414 | D:6      | Found a snail-covered altar of Cheibriados.
  7491 | D:6      | Found a one-way gate to the infinite horrors of the Abyss.
  7493 | D:6      | Noticed a green ugly thing
  7795 | D:7      | Reached XP level 9. HP: 55/55 MP: 13/13
  7929 | D:7      | Found an opulent altar of Gozag.
  7929 | D:7      | Found a sparkling altar of Nemelex Xobeh.
  8153 | D:7      | Found a glowing golden altar of the Shining One.
  8272 | D:7      | Reached * piety under Kikubaaqudgha
  8272 | D:7      | Identified Kikubaaqudgha's Collected Works on Necromancy
                  | (Kikubaaqudgha gifted it to you on level 7 of the Dungeon)
  8272 | D:7      | Received a gift from Kikubaaqudgha
  9143 | D:8      | Noticed a two-headed ogre
  9171 | D:8      | Killed a two-headed ogre
  9171 | D:8      | Reached skill level 11 in Stealth
  9254 | D:8      | Noticed a two-headed ogre
  9255 | D:8      | Killed a two-headed ogre
  9255 | D:8      | Reached XP level 10. HP: 63/63 MP: 16/16
  9257 | D:8      | Noticed Erica
  9333 | D:8      | Slain by Erica

Illustrated notes

Levels and vault maps discovered:
D:1:      evilmike_arrival_home_sweet_home, layout_basic
D:2:      layout_loops_ring, minmay_fountain_box
D:3:      layout_basic, uniq_crazy_yiuf_cottage
D:4:      layout_basic, overflow_temple_1_default, uniq_menkaure, uniq_grinder
D:5:      layout_rooms, gammafunk_temple_overflow_claw,
          overflow_temple_1_default, uniq_pikel
D:6:      layout_rooms, minmay_temple_entry_ruins, serial_shops, shop,
          gammafunk_ghost_abyssal_escape, chei_slow_surprise, uniq_maggie
D:7:      layout_basic, grunt_temple_overflow_opulence, lemuel_crystal_altar,
          kennysheep_potato
D:8:      layout_basic, basic_altar, serial_glass, glass_columns_b,
          glass_columns_a, water_boxes_lemuel, uniq_erica

Skill      XL: |  1  2  3  4  5  6  7  8  9 |
---------------+----------------------------+-----
Stealth        | 6 7 8 9 10 11 | 11.6
Fighting       | 2 3 4 6 7 |  7.1
Dodging        | 2 3 4 5 6 |  6.2
Shields        | 1 2 4 |  4.0
Hexes          | 5 7 |  7.0
Spellcasting   | 2 4 |  4.0
Necromancy     | 3 |  3.4
Short Blades   | |  2.1
Throwing       | |  1.5

Action                   |  1- 3 |  4- 6 |  7- 9 | 10-12 || total
-------------------------+-------+-------+-------+-------++-------
Melee: Dagger            |    97 |   109 |   247 |    11 ||   464
       Bite              |     7 |     5 |    36 |     2 ||    50
Throw: Dart              |     6 |    27 |    18 |       ||    51
 Cast: Confusing Touch   |       |       |    36 |     3 ||    39
 Abil: Exsanguinate      |     1 |       |       |       ||     1
Evoke: Wand              |       |       |     4 |       ||     4
  Use: Scroll            |     2 |    13 |     7 |       ||    22
 Stab: Sleeping          |    22 |    22 |    13 |     1 ||    58
       Confused          |       |       |    13 |     1 ||    14
Armor: Robe              |    15 |    12 |    21 |       ||    48
Dodge: Dodged            |    40 |    39 |   148 |     6 ||   233
Block: Buckler           |       |    16 |    52 |     1 ||    69

Table legend: (Time is in decaauts)
 A = Elapsed time spent in this place.
 B = Non-inter-level travel time spent in this place.
 C = Inter-level travel time spent in this place.
 D = Time resting spent in this place.
 E = Time spent auto-exploring this place.
 F = Levels seen in this place.
 G = Mean time per level.
                   A        B        C        D        E       F      G
               +--------+--------+--------+--------+--------+-----+--------+
         Total |   9298 |   9085 |    213 |   3395 |   1735 |   8 | 1162.2 |
       Dungeon |   9298 |   9085 |    213 |   3395 |   1735 |   8 | 1162.2 |
               +--------+--------+--------+--------+--------+-----+--------+

Top non-repeatable levels by time:
     D:3: 1657 daAuts
     D:7: 1542 daAuts
     D:4: 1370 daAuts
     D:5: 1322 daAuts
     D:6: 1194 daAuts
     D:2: 1182 daAuts
     D:1: 785 daAuts
     D:8: 243 daAuts
